[Event "Team 45 45 League T52"]
[Site "Internet Chess Club"]
[Date "2012.03.27"]
[Round "6"]
[White "sockmonkey"]
[Black "PostMike"]
[Result "0-1"]
[WhiteElo "1391"]
[BlackElo "1460"]
[Opening "Queen's pawn game"]
[ECO "A46"]
[Time "14:30:06"]
[TimeControl "2700+45"]

1. d4 Nf6 2. Nf3 c5 3. c3 e6 4. Bg5 h6 5. Bxf6 Qxf6 6. e4 cxd4 7. e5 Qd8 8. cxd4
d5 9. Nc3 Bb4 10. a3 Ba5 11. b4 Bb6 12. Bd3 Nc6 13. Bc2 O-O 14. O-O a6 15. Qd3
f5 16. Nh4 Qxh4 17. b5 Nxd4 18. Rac1 Bd7 19. a4 Nxc2 20. Rxc2 Rfc8 21. Kh1 Qd4
22. Rd1 Qxe5 23. Rdc1 Rc4 24. Nxd5 Rxc2 25. Ne7+ Kh7 26. Qxc2 Re8 {White
resigns} 0-1

[Event "Team 45 45 League T52"]
[Site "Internet Chess Club"]
[Date "2012.03.22"]
[Round "6"]
[White "KidRattler"]
[Black "Docvan"]
[Result "0-1"]
[WhiteElo "1413"]
[BlackElo "1321"]
[Opening "King's Indian: Larsen variation"]
[ECO "E90"]
[Time "18:00:04"]
[TimeControl "2700+45"]

1. c4 Nf6 2. d4 g6 3. Nc3 Bg7 4. Nf3 O-O 5. e4 d6 6. Be3 e5 7. dxe5 dxe5 8. Qxd8
Rxd8 9. Be2 Nc6 10. O-O Ng4 11. Nd5 Nxe3 12. Nxe3 Nd4 13. Nxd4 exd4 14. Nc2 d3
15. Rfd1 Bxb2 16. Rab1 dxc2 17. Rxd8+ Kg7 18. Re1 c1=Q 19. Rxc1 Bxc1 20. Bg4
Bxg4 21. Rxa8 a6 22. g3 Bf3 23. Rc8 Bxe4 24. Rxc7 Ba3 25. Kf1 b6 26. Ke2 Bb1 27.
Rc6 Bxa2 28. Rxb6 Bxc4+ 29. Kd2 Bb5 30. Rb7 Bb4+ 31. Kc2 Bc5 32. f4 Bg1 33. h3
Bh2 34. g4 Bxf4 35. Kc3 Bf1 36. Rb4 Bd6 37. Rb6 Be5+ 38. Kd2 Bf4+ 39. Ke1 Bxh3
40. Rxa6 Bxg4 41. Ra4 g5 42. Kf2 h5 43. Kg2 h4 44. Kf2 h3 45. Ra1 h2 46. Rh1 Bd7
47. Rd1 Bc6 48. Rd4 h1=Q 49. Rd1 Qg2+ 50. Ke1 Bg3# {White checkmated} 0-1

[Event "Team 45 45 League T52"]
[Site "Internet Chess Club"]
[Date "2012.03.22"]
[Round "6"]
[White "tryanything"]
[Black "SirIvanhoe"]
[Result "1-0"]
[WhiteElo "1542"]
[BlackElo "1467"]
[Opening "QGD Slav defense, Alekhine variation"]
[ECO "D10"]
[Time "17:00:12"]
[TimeControl "2700+45"]

1. d4 d5 2. c4 c6 3. Nc3 dxc4 4. e4 b5 5. a4 b4 6. Na2 e6 7. Bxc4 a5 8. Nf3 Nf6
9. Qe2 Be7 10. O-O O-O 11. Bf4 Qb6 12. Nc1 Ba6 13. Bxa6 Qxa6 14. Qxa6 Nxa6 15.
Re1 Rfd8 16. Nb3 Nb8 17. Rac1 Ra6 18. Nc5 Bxc5 19. Rxc5 Nfd7 20. Rcc1 Rc8 21.
Ne5 Nxe5 22. Bxe5 Nd7 23. Bd6 Nf6 24. f3 Ne8 25. Bf4 Nf6 26. Be3 h6 27. Red1 Rd8
28. Kf2 Kh7 29. Ke2 Kg6 30. Rc4 Nd7 31. d5 cxd5 32. exd5 Nf6 33. Rc6 Rxc6 34.
dxc6 Rc8 35. Rc1 Nd5 36. c7 Nxe3 37. Kxe3 Kf6 38. Kd4 Ke7 39. Rc6 Kd7 40. Kc5
Ra8 41. Kb6 Rc8 42. Kb7 b3 43. Rd6+ {Black resigns} 1-0

[Event "Team 45 45 League T52"]
[Site "Internet Chess Club"]
[Date "2012.03.24"]
[Round "6"]
[White "LeanSixSigma"]
[Black "nanning"]
[Result "1/2-1/2"]
[WhiteElo "1392"]
[BlackElo "1571"]
[Opening "Caro-Kann: classical variation"]
[ECO "B18"]
[Time "09:00:37"]
[TimeControl "2700+45"]

1. e4 c6 2. d4 d5 3. Nc3 dxe4 4. Nxe4 Bf5 5. Ng3 Bg6 6. Bc4 Nf6 7. N1e2 h6 8.
O-O e6 9. c3 Be7 10. Nf4 Bh7 11. Ngh5 O-O 12. Nxf6+ Bxf6 13. Nh5 Nd7 14. Qg4 Bf5
15. Nxf6+ Qxf6 16. Qg3 Nb6 17. Bd3 Nd5 18. Bxf5 exf5 19. Qe5 Rfe8 20. Qxf6 Nxf6
21. Be3 g5 22. g3 Re7 23. h4 Nd5 24. hxg5 Nxe3 25. fxe3 Rxe3 26. Kf2 Rae8 27.
gxh6 Re2+ 28. Kf3 Rxb2 29. Rae1 Rxe1 30. Rxe1 Rxa2 31. Re8+ Kh7 32. Re7 Kxh6 33.
Rxf7 Ra3 34. Rxb7 Rxc3+ 35. Kf4 a5 36. Kxf5 Rxg3 37. Rb6 Rg5+ 38. Ke4 Rg4+ 39.
Kd3 Rg3+ 40. Kc4 a4 41. Rxc6+ Kg7 42. Ra6 a3 43. d5 Rg4+ 44. Kb3 Rg3+ 45. Ka2
Rg2+ 46. Kxa3 Rd2 47. d6 Kf7 48. Kb4 Ke6 49. Kc5 Rc2+ 50. Kb4 Rd2 {Game drawn by
mutual agreement} 1/2-1/2

[Event "Team 45 45 League T52"]
[Site "Internet Chess Club"]
[Date "2012.03.23"]
[Round "6"]
[White "JohLeb"]
[Black "drsigmund1"]
[Result "1-0"]
[WhiteElo "1411"]
[BlackElo "1484"]
[Opening "QGD Slav: 4.Nc3"]
[ECO "D15"]
[Time "21:00:31"]
[TimeControl "2700+45"]

1. d4 d5 2. c4 c6 3. Nc3 Nf6 4. Nf3 a6 5. Bg5 e6 6. e3 Be7 7. Bd3 h6 8. Bh4 Nbd7
9. Qc2 dxc4 10. Bxc4 Nd5 11. Bxe7 Nxe7 12. O-O O-O 13. Rad1 Ng6 14. Ne2 Nf6 15.
Bd3 Qc7 16. Bxg6 fxg6 17. Qxg6 Nd5 18. Qg3 Qf7 19. Ne5 Qf5 20. Ng4 Kh7 21. Rc1
Nf6 22. Rc5 Ne4 23. Rxf5 Nxg3 24. Rxf8 Nxe2+ 25. Kh1 e5 26. Nxe5 b5 27. Re1 Bb7
28. Rxa8 Bxa8 29. Rxe2 a5 30. Rc2 b4 31. Nxc6 {Black resigns} 1-0

[Event "Team 45 45 League T52"]
[Site "Internet Chess Club"]
[Date "2012.03.25"]
[Round "6"]
[White "lawth3"]
[Black "theartist"]
[Result "1/2-1/2"]
[WhiteElo "1200"]
[BlackElo "1204"]
[Opening "Queen's Indian: 4.Nc3"]
[ECO "E12"]
[Time "13:16:40"]
[TimeControl "2700+45"]

1. d4 Nf6 2. c4 e6 3. Nf3 b6 4. Nc3 d5 5. Bf4 Ba6 6. b3 Bb4 7. Bd2 dxc4 8. bxc4
Bxc4 9. Qa4+ Nbd7 10. Qxb4 Bd5 11. Nxd5 Nxd5 12. Qa3 c5 13. e3 O-O 14. dxc5 Nxc5
15. Bc4 Qc7 16. O-O Ne4 17. Bxd5 exd5 18. Rac1 Qb7 19. Bb4 Rfc8 20. Rxc8+ Rxc8
21. Rc1 Rxc1+ 22. Qxc1 a5 23. Be1 f6 24. Qb1 Qc6 25. Nd4 Qd6 26. f3 Nc5 27. Bg3
Qd8 28. Nb5 Nb7 29. Bc7 Qe7 30. Bxb6 Qb4 31. Qxb4 axb4 32. h4 Kf7 33. f4 f5 34.
Kf2 g6 35. Kf3 Ke8 36. Nd4 Kd7 37. Nc2 Kc6 38. Bd4 Kb5 39. Bb2 Na5 40. Ke2 Kc4
41. Kd2 b3 42. axb3+ Kxb3 43. Kc1 Nc4 44. Bf6 Ka2 45. Bd4 Kb3 46. Ne1 Na3 47.
Kd1 Nb5 48. Bf6 Nd6 49. Bg5 Ne4 50. Bh6 Kc4 51. Ke2 Ng3+ 52. Kf3 Nf1 53. Kf2 Nh2
54. g3 Ng4+ 55. Ke2 Nxh6 56. Kf3 Ng4 57. Ke2 d4 58. exd4 Kxd4 59. Nf3+ Kd5 60.
Ng5 Nf6 {Game drawn by mutual agreement} 1/2-1/2

[Event "Team 45 45 League T52"]
[Site "Internet Chess Club"]
[Date "2012.03.24"]
[Round "6"]
[White "skyflower"]
[Black "sdcohle"]
[Result "1-0"]
[WhiteElo "1527"]
[BlackElo "1405"]
[Opening "QGD Slav defense: exchange variation"]
[ECO "D13"]
[Time "10:00:36"]
[TimeControl "2700+45"]

1. d4 d5 2. c4 c6 3. cxd5 cxd5 4. Nc3 Nf6 5. Nf3 Nc6 6. Bf4 a6 7. e3 e6 8. a3
Bd6 9. Bg3 Qe7 10. Bd3 Bd7 11. O-O Bxg3 12. fxg3 Ng4 13. Qe2 Nf6 14. Rac1 O-O
15. h3 Qd6 16. g4 g6 17. b4 b5 18. Qf2 Ne8 19. Qh4 Qe7 20. Ng5 f6 21. Nf3 g5 22.
Qh6 Qg7 23. Qh5 Ne7 24. e4 Nd6 25. e5 Be8 26. exf6 Rxf6 27. Qxg5 Bg6 28. Bxg6
hxg6 29. Rf2 Raf8 30. Rcf1 Ne4 31. Nxe4 dxe4 32. Ne5 Rxf2 33. Rxf2 Rxf2 34. Kxf2
Kh7 35. Qf4 Nd5 36. Qxe4 Qf6+ 37. Qf3 Kg7 38. Qxf6+ Kxf6 39. Nd3 Nc3 40. Nc5 Nb1
41. a4 bxa4 42. Nxa4 Na3 43. Nc5 Nc2 44. Nxa6 Nxd4 45. Ke3 Nb5 46. h4 Ke5 47. h5
gxh5 48. gxh5 Kf6 49. Kf4 e5+ 50. Kf3 Kg5 51. g4 Nd6 52. Nc7 e4+ 53. Kg3 e3 54.
Ne6+ Kf6 55. Nd4 Kg5 56. Kf3 Nc4 57. b5 Kh6 58. Nf5+ Kg5 59. Nxe3 Ne5+ 60. Ke4
Nd7 61. Kd5 Kf6 62. Kc6 Ke7 63. b6 Kd8 64. b7 Nb8+ 65. Kd6 Na6 66. h6 Nc7 67. h7
Ne8+ 68. Ke5 Nc7 69. b8=Q+ Kd7 70. h8=Q Ne6 71. Qhe8# {Black checkmated} 1-0

[Event "Team 45 45 League T52"]
[Site "Internet Chess Club"]
[Date "2012.03.22"]
[Round "6"]
[White "smsxman"]
[Black "jjaillet2007"]
[Result "1-0"]
[WhiteElo "1455"]
[BlackElo "1332"]
[Opening "French defense"]
[ECO "C00"]
[Time "20:02:54"]
[TimeControl "2700+45"]

1. e4 e6 2. Nf3 d5 3. exd5 exd5 4. d4 Bd6 5. Nc3 Nf6 6. Bg5 Be7 7. Be2 O-O 8.
O-O Re8 9. Re1 h6 10. Bh4 Be6 11. a3 Ne4 12. Bxe7 Nxc3 13. Bxd8 Nxd1 14. Bxc7
Nxb2 15. Rab1 Na6 16. Bxa6 bxa6 17. Rxb2 Re7 18. Be5 Bg4 19. Rb8+ Rxb8 20. Bxb8
Rb7 21. Bd6 Bxf3 22. gxf3 Rb2 23. Rc1 a5 24. Bc5 a6 25. c4 dxc4 26. Rxc4 Rd2 27.
a4 f5 28. Bb6 Kf7 29. Bxa5 Rd3 30. Kg2 Ke6 31. Bb6 Kd5 32. Rc8 Ra3 33. a5 Ra4
34. Ra8 Kc6 35. Rxa6 Kb7 36. Ra7+ Kb8 37. Rxg7 Rc4 38. a6 Rc6 39. Rg8+ Rc8 40.
Rg7 h5 41. Bc5 Rc7 42. Rg8+ Rc8 43. Bd6+ {Black resigns} 1-0

[Event "Team 45 45 League T52"]
[Site "Internet Chess Club"]
[Date "2012.03.25"]
[Round "6"]
[White "arconia"]
[Black "chicopee-ed"]
[Result "1-0"]
[WhiteElo "1300"]
[BlackElo "1276"]
[Opening "Petrov's defense"]
[ECO "C42"]
[Time "11:00:25"]
[TimeControl "2700+45"]

1. e4 e5 2. Nf3 Nf6 3. d3 Nc6 4. Be2 d5 5. Nc3 dxe4 6. dxe4 Qxd1+ 7. Bxd1 Bb4 8.
O-O Bxc3 9. bxc3 Nxe4 10. Bb2 f6 11. Re1 Nd6 12. Nd4 O-O 13. Nxc6 bxc6 14. Bf3
Bb7 15. Ba3 Rfd8 16. Rab1 Rab8 17. Red1 Nc4 18. Rxd8+ Rxd8 19. Be7 Nd2 20. Rxb7
Nxf3+ 21. gxf3 Rd1+ 22. Kg2 Rd2 23. Rxc7 Rxc2 24. Rxc6 Rxa2 25. c4 Kf7 26. Rc7
Ke6 27. Bc5 g6 28. Rxh7 Rc2 29. Rh6 Kf5 30. Rh4 a5 31. Be3 a4 32. c5 a3 33. Ra4
a2 34. h4 Ke6 35. Ra6+ Kf7 36. c6 Rxc6 37. Rxa2 Rc8 38. Kg3 Kg7 39. Ra7+ Kg8 40.
Bh6 f5 41. Ra6 Kh7 42. Bg5 Kg8 43. Rxg6+ Kh7 44. Re6 Rc5 45. Bf6 e4 46. fxe4
fxe4 47. Rxe4 Rc6 48. Bg5 Rc3+ 49. Re3 Rc4 50. f4 Kg6 51. Kg4 Rc2 52. Re6+ Kf7
53. Rh6 Kg7 54. h5 Rc5 55. Rd6 Rc2 56. h6+ Kh7 57. Rd7+ {Black resigns} 1-0

[Event "Team 45 45 League T52"]
[Site "Internet Chess Club"]
[Date "2012.03.27"]
[Round "6"]
[White "krysto"]
[Black "bmw2002"]
[Result "1-0"]
[WhiteElo "1638"]
[BlackElo "1560"]
[Opening "King's Indian: orthodox variation"]
[ECO "E94"]
[Time "21:03:40"]
[TimeControl "2700+45"]

1. d4 Nf6 2. c4 g6 3. Nc3 Bg7 4. e4 d6 5. Nf3 e5 6. Be2 O-O 7. O-O a5 8. Be3 Ng4
9. Bg5 f6 10. Bh4 h5 11. h3 Nh6 12. dxe5 g5 13. exf6 Bxf6 14. e5 gxh4 15. Qd5+
Kg7 16. exf6+ Qxf6 17. Ne4 Qxb2 18. Qg5+ Kh7 19. Qxh5 Rf5 20. Neg5+ Kg7 21. Bd3
Rf6 22. Rae1 Nc6 23. Re8 Rb8 24. Rfe1 Bd7 25. Rxb8 Nxb8 26. Re7+ Kf8 27. Re1 Kg8
28. Nh7 Bf5 29. Nxf6+ Qxf6 30. Bxf5 Kg7 31. Bb1 Nc6 32. Qg5+ Qxg5 33. Nxg5 Ne5
34. Ne6+ Kf7 35. Nxc7 Nxc4 36. Rd1 Nf5 37. Bxf5 {Black resigns} 1-0

[Event "Team 45 45 League T52"]
[Site "Internet Chess Club"]
[Date "2012.03.23"]
[Round "6"]
[White "bookseller"]
[Black "Berke"]
[Result "1-0"]
[WhiteElo "1620"]
[BlackElo "1573"]
[Opening "two knights defense: Fritz variation"]
[ECO "C57"]
[Time "17:01:15"]
[TimeControl "2700+45"]

1. e4 e5 2. Nf3 Nc6 3. Bc4 Nf6 4. Ng5 d5 5. exd5 Nd4 6. c3 Nf5 7. d6 Nxd6 8. Bb3
Be7 9. Qe2 O-O 10. d3 h6 11. Ne4 Ndxe4 12. dxe4 a6 13. O-O Bd7 14. Rd1 Qc8 15.
c4 Bc5 16. h3 Bc6 17. Nc3 Bb4 18. Nd5 Bxd5 19. cxd5 Bd6 20. Bd2 Qe8 21. Bc3 Qe7
22. Rac1 Rad8 23. Ba5 b6 24. Bd2 a5 25. Ba4 Nh7 26. Qg4 Qf6 27. a3 Qg6 28. Qxg6
fxg6 29. b4 axb4 30. Bxb4 Bxb4 31. axb4 Rf7 32. Rc3 Ra8 33. Bb5 Nf6 34. f3 Ne8
35. Bxe8 Rxe8 36. Ra1 Ree7 37. Ra7 g5 38. Rc6 h5 39. d6 cxd6 40. Rxe7 Rxe7 41.
Rxd6 Rb7 42. Re6 Kf7 43. Rxe5 Kf6 44. Rf5+ Kg6 45. Rd5 Kf6 46. f4 gxf4 47. Rxh5
g5 48. h4 gxh4 49. Rf5+ Ke6 50. Rxf4 Rh7 51. Kh2 Ke5 52. Rg4 Rc7 53. Rxh4 Rc4
54. b5 Kd6 55. e5+ Kc5 56. Rxc4+ Kxc4 57. e6 Kxb5 58. e7 Kc5 59. e8=Q b5 60.
Qe5+ Kc4 61. Qb2 b4 62. g4 b3 63. g5 Kd5 64. Qxb3+ Ke5 65. Qf3 Ke6 66. g6 Kd7
67. g7 Ke7 68. g8=R {Black resigns} 1-0

[Event "Team 45 45 League T52"]
[Site "Internet Chess Club"]
[Date "2012.03.26"]
[Round "6"]
[White "AlPearson"]
[Black "Elalfer"]
[Result "1/2-1/2"]
[WhiteElo "1282"]
[BlackElo "1396"]
[Opening "QGD: semi-Slav"]
[ECO "D10"]
[Time "10:13:32"]
[TimeControl "2700+45"]

1. d4 d5 2. c4 c6 3. Nc3 e6 4. e3 Bb4 5. Nf3 Nf6 6. Be2 Nbd7 7. O-O O-O 8. Qc2
dxc4 9. Bxc4 b5 10. Bd3 Bb7 11. Bd2 a6 12. Rac1 c5 13. dxc5 Bxf3 14. gxf3 Nxc5
15. Be2 Rc8 16. a3 Bxc3 17. Bxc3 Na4 18. Rfd1 Qc7 19. Rd3 Nd5 20. f4 Naxc3 21.
bxc3 Qc5 22. Bf3 Rfd8 23. Bxd5 Rxd5 24. Rcd1 Rcd8 25. e4 Rxd3 26. Rxd3 Rxd3 27.
Qxd3 f6 28. Qd8+ Kf7 29. Qd7+ Qe7 30. Qxe7+ Kxe7 31. Kf1 Kd6 32. Ke2 Kc5 33. Kd3
a5 34. h3 e5 35. f5 h6 36. h4 h5 37. f3 a4 38. Kd2 Kc4 39. Kc2 Kc5 40. Kd2 Kb6
41. Kd3 Kc6 42. Kc2 Kd6 43. Kd3 Kc5 44. Kd2 Kc4 45. Kc2 Kc5 46. Kd2 Kd6 47. Kd3
Kc5 48. Kd2 {Game drawn by repetition} 1/2-1/2

[Event "Team 45 45 League T52"]
[Site "Internet Chess Club"]
[Date "2012.03.21"]
[Round "6"]
[White "KidRattler"]
[Black "pereelcoix"]
[Result "1-0"]
[WhiteElo "1435"]
[BlackElo "1200"]
[Opening "Ruy Lopez: Caro variation"]
[ECO "C70"]
[Time "15:06:32"]
[TimeControl "2700+45"]

1. e4 e5 2. Nf3 Nc6 3. Bb5 a6 4. Ba4 b5 5. Bb3 Nf6 6. Ng5 d5 7. exd5 Nxd5 8. Qf3
Be6 9. Nc3 Qxg5 10. Nxd5 Bd6 11. Nxc7+ Bxc7 12. Qxc6+ Ke7 13. Qxc7+ Bd7 14. d4
Qxg2 15. Qxe5+ Be6 16. Rf1 Kd7 {Black resigns} 1-0

[Event "Team 45 45 League T52"]
[Site "Internet Chess Club"]
[Date "2012.03.25"]
[Round "6"]
[White "sockmonkey"]
[Black "Skylab"]
[Result "1-0"]
[WhiteElo "1405"]
[BlackElo "1319"]
[Opening "Torre attack (Tartakower variation)"]
[ECO "D03"]
[Time "15:00:24"]
[TimeControl "2700+45"]

1. d4 d5 2. Nf3 Nf6 3. Bg5 Ne4 4. Bf4 e6 5. e3 Bd6 6. Bxd6 Qxd6 7. Nbd2 Qb4 8.
Rb1 Nc6 9. c3 Qd6 10. Bd3 Nxd2 11. Qxd2 e5 12. dxe5 Nxe5 13. Nxe5 Qxe5 14. O-O
Qg5 15. Kh1 Bf5 16. Rbd1 Rd8 17. Bxf5 Qxf5 18. e4 Qd7 19. exd5 O-O 20. c4 b6 21.
Rfe1 Qd6 22. Re4 c6 23. Rd4 c5 24. Rd3 Rfe8 25. Re1 Kf8 26. Rxe8+ Rxe8 27. Re3
Rd8 28. Kg1 Qg6 29. Qd3 Qxd3 30. Rxd3 Ke7 31. f4 Kf6 32. g4 h6 33. h4 Ke7 34.
Kf2 f6 35. Re3+ Kd6 36. Re6+ Kc7 37. Re7+ Rd7 38. Rxd7+ Kxd7 39. Ke3 Kd6 40. Ke4
g6 41. b3 a6 42. h5 gxh5 43. gxh5 b5 44. Kf5 Ke7 45. d6+ {Black resigns} 1-0

[Event "Team 45 45 League T52"]
[Site "Internet Chess Club"]
[Date "2012.03.25"]
[Round "6"]
[White "kingsrook"]
[Black "Iowa-Archer"]
[Result "0-1"]
[WhiteElo "1233"]
[BlackElo "1316"]
[Opening "Dutch"]
[ECO "A80"]
[Time "17:00:20"]
[TimeControl "2700+45"]

1. d4 f5 2. Nf3 Nf6 3. Bf4 e6 4. c4 Bb4+ 5. Nc3 Bxc3+ 6. bxc3 O-O 7. e3 b6 8.
Be2 Bb7 9. O-O d6 10. Qc2 Nbd7 11. Rfd1 Rc8 12. h3 Qe7 13. Bh2 Ne4 14. Rab1 Ng5
15. d5 c6 16. Nxg5 Qxg5 17. Bxd6 Rf6 18. Be7 cxd5 19. Bxf6 Nxf6 20. Bf3 Rxc4 21.
Rd4 Rxd4 22. cxd4 f4 23. Qc7 Qf5 24. Rc1 Ba6 25. Qxf4 Qd3 26. Qb8+ Kf7 27. Qxa7+
Kg6 28. Qxb6 Qd2 29. Qc6 Qxa2 30. Qxe6 Qd2 31. Qc6 Bc4 32. Ra1 Qb2 33. Qa4 Bb3
34. Qa3 Qxa3 35. Rxa3 Bc2 36. Rc3 Ba4 37. g4 h5 38. Kg2 hxg4 39. hxg4 Bd7 40.
Kg3 Kg5 41. Rc7 Bxg4 42. Rd7 Bxd7 43. Bg4 Bxg4 44. f3 Nh5+ 45. Kf2 Be6 46. Kg2
Kh4 47. f4 Bh3+ 48. Kf2 Kg4 49. Ke2 Ng3+ 50. Kf2 Nf5 51. Ke2 Nxd4+ 52. exd4 Kxf4
53. Kd3 g5 54. Kc3 g4 55. Kd3 g3 56. Ke2 g2 57. Kf2 Ke4 58. Kg1 Kxd4 59. Kh2 Ke4
60. Kxh3 g1=Q 61. Kh4 d4 {White resigns} 0-1

[Event "Team 45 45 League T52"]
[Site "Internet Chess Club"]
[Date "2012.03.26"]
[Round "6"]
[White "artspir"]
[Black "Fulmar"]
[Result "1/2-1/2"]
[WhiteElo "1148"]
[BlackElo "1239"]
[Opening "Queen's pawn game"]
[ECO "D02"]
[Time "09:01:26"]
[TimeControl "2700+45"]

1. d4 d5 2. Nf3 e6 3. Bg5 Nf6 4. e3 Be7 5. Bd3 O-O 6. c3 h6 7. Bxf6 Bxf6 8. O-O
b6 9. Qb3 Bb7 10. Nbd2 Nd7 11. Rfc1 Rb8 12. Qa3 a5 13. c4 dxc4 14. Nxc4 Be7 15.
Qb3 c5 16. Bc2 cxd4 17. Qd3 Nf6 18. exd4 b5 19. Nce5 Be4 20. Qe3 Bd5 21. Bb3
Bxb3 22. Nc6 Qd6 23. Nxb8 Ng4 24. Qxb3 Rxb8 25. Rc5 Qb6 26. Rac1 Bxc5 27. dxc5
Qc6 28. h3 a4 29. Qb4 Nf6 30. Ne5 Qd5 31. f4 Qxa2 32. Nc6 Rb7 33. Qa5 Rd7 34.
Qxb5 Rd2 35. Ne7+ Kf8 36. Rc2 Qb1+ 37. Qf1 Qxf1+ 38. Kxf1 Rxc2 {Game drawn by
mutual agreement} 1/2-1/2

[Event "Team 45 45 League T52"]
[Site "Internet Chess Club"]
[Date "2012.03.26"]
[Round "6"]
[White "Cicero"]
[Black "chicopee-ed"]
[Result "0-1"]
[WhiteElo "1307"]
[BlackElo "1294"]
[Opening "Vienna gambit: Paulsen attack"]
[ECO "C29"]
[Time "14:02:09"]
[TimeControl "2700+45"]

1. e4 e5 2. Nc3 Nf6 3. f4 d5 4. fxe5 Nxe4 5. Qf3 Nc6 6. Bb5 Nxc3 7. bxc3 Qh4+ 8.
g3 Qe4+ 9. Qxe4 dxe4 10. d4 Bd7 11. Rb1 a6 12. Ba4 b5 13. Bb3 Na5 14. Bd5 Bc6
15. Bxc6+ Nxc6 16. Bf4 Rc8 17. d5 Na5 18. Rb4 Bxb4 19. cxb4 Nc4 20. Nh3 Rd8 21.
Ke2 Rxd5 22. Kf2 Nxe5 23. Bxe5 Rxe5 24. Ke3 Ke7 25. Rd1 Rd8 26. Re1 Rh5 27. Nf4
Rxh2 28. Kxe4 Rxc2 29. Nd5+ Kf8 30. Kd3 Rxa2 31. g4 Rxd5+ 32. Kc3 Ra3+ 33. Kb2
Rg3 34. Kb1 Rb3+ 35. Kc2 Rxb4 36. Kc3 Rc4+ 37. Kb3 Rd3+ 38. Kb2 Rcc3 39. g5 b4
40. g6 hxg6 41. Kb1 b3 42. Ka1 Rc2 43. Kb1 a5 44. Ka1 a4 45. Kb1 Rdd2 46. Ka1 a3
47. Kb1 Ra2 48. Kc1 Re2 49. Rd1 Ra1# {White checkmated} 0-1

[Event "Team 45 45 League T52"]
[Site "Internet Chess Club"]
[Date "2012.03.24"]
[Round "6"]
[White "arconia"]
[Black "IanT"]
[Result "0-1"]
[WhiteElo "1284"]
[BlackElo "1479"]
[Opening "Inverted Hungarian"]
[ECO "C44"]
[Time "20:34:42"]
[TimeControl "2700+45"]

1. e4 e5 2. Nf3 Nc6 3. Be2 Bc5 4. Nc3 Nf6 5. d3 h6 6. O-O d6 7. Be3 Bb6 8. d4
exd4 9. Nxd4 Nxd4 10. Bxd4 O-O 11. f4 Re8 12. Qd3 Bxd4+ 13. Qxd4 Qe7 14. Bd3 b6
15. Rae1 Bb7 16. e5 dxe5 17. fxe5 Nd7 18. e6 fxe6 19. Bc4 Qc5 20. Qxc5 Nxc5 21.
b4 Na6 22. Bxe6+ Kh8 23. Bd5 Rxe1 24. Rxe1 Bxd5 25. Nxd5 c6 26. b5 cxb5 27. Re4
Rc8 28. g4 Rxc2 29. g5 Rc5 30. Re8+ Kh7 31. Re5 Nb4 32. g6+ Kxg6 33. Re6+ Kh7
34. Nxb4 Rc1+ 35. Kg2 Rb1 36. Nc6 Rb2+ 37. Kg3 Rxa2 38. h4 a5 39. Ne5 b4 40. Nd7
b5 41. h5 b3 42. Nf8+ Kg8 43. Ng6 Kf7 {White forfeits on time} 0-1

[Event "Team 45 45 League T52"]
[Site "Internet Chess Club"]
[Date "2012.03.24"]
[Round "6"]
[White "lawth3"]
[Black "Aquaman"]
[Result "1-0"]
[WhiteElo "1200"]
[BlackElo "1221"]
[Opening "Kevitz-Trajkovich defense"]
[ECO "A50"]
[Time "15:00:33"]
[TimeControl "2700+45"]

1. d4 Nf6 2. c4 Nc6 3. Nc3 e5 4. Nf3 d6 5. e4 Bg4 6. d5 Nd4 7. Be2 Nxe2 8. Qxe2
Be7 9. O-O O-O 10. b4 b6 11. Ba3 a6 12. Qe3 Bd7 13. Rfc1 Ng4 14. Qe2 f5 15. h3
Nf6 16. c5 fxe4 17. Ng5 e3 18. Ne6 Bxe6 19. dxe6 exf2+ 20. Kh1 Ne8 21. cxb6 cxb6
22. Rf1 Bh4 23. g3 Bxg3 24. Ne4 Bh4 25. Nxf2 Bxf2 26. Rxf2 Rxf2 27. Qxf2 b5 28.
Qf7+ Kh8 29. Qf8# {Black checkmated} 1-0

[Event "Team 45 45 League T52"]
[Site "Internet Chess Club"]
[Date "2012.03.27"]
[Round "6"]
[White "Docvan"]
[Black "Macovitski"]
[Result "1-0"]
[WhiteElo "1327"]
[BlackElo "1069"]
[Opening "Blackmar gambit"]
[ECO "B01"]
[Time "19:00:11"]
[TimeControl "2700+45"]

1. e4 d5 2. d4 dxe4 3. Nc3 Nf6 4. f3 exf3 5. Nxf3 Bg4 6. h3 Bxf3 7. Qxf3 c6 8.
Be3 e6 9. Bd3 Be7 10. O-O-O Nbd7 11. Qg3 O-O 12. Rhf1 a6 13. Kb1 Kh8 14. Qh4 b5
15. Ne4 Nxe4 16. Qxe4 Nf6 17. Rxf6 g6 18. Rff1 Qc7 19. Bh6 Rfb8 20. Rxf7 Kg8 21.
Qxe6 Kh8 22. Bg7+ {Black resigns} 1-0

[Event "Team 45 45 League T52"]
[Site "Internet Chess Club"]
[Date "2012.03.23"]
[Round "6"]
[White "ChessMaine"]
[Black "vjbaker"]
[Result "1-0"]
[WhiteElo "1471"]
[BlackElo "1251"]
[Opening "Queen's pawn game"]
[ECO "D02"]
[Time "16:32:24"]
[TimeControl "2700+45"]

1. d4 d5 2. Nf3 Bf5 3. c3 e6 4. Nbd2 c5 5. e3 Nc6 6. Qa4 a6 7. Ne5 Qc7 8. Nb3 b5
9. Bxb5 axb5 10. Qxa8+ Nb8 11. Na5 Ne7 12. Nac6 Nxc6 13. Nxc6 Bd6 14. Nxb8 Qxb8
15. Qxb8+ Bxb8 16. dxc5 Bd3 17. Kd2 Bg6 18. a4 bxa4 19. Rxa4 O-O 20. Ra8 Be5 21.
Rxf8+ Kxf8 22. b4 Ke8 23. Ba3 Kd7 24. b5 Kc7 25. Bb4 Be4 26. Ba5+ Kb7 27. c6+
Kc8 28. f3 Bg6 29. Bb6 Bc7 30. Bxc7 Kxc7 31. Ra1 Kb6 32. Ra6+ Kc7 33. Ra7+ Kd6
34. Rd7+ Kc5 35. c7 e5 36. c8=Q+ Kb6 37. Qa6+ Kc5 38. Rc7# {Black checkmated}
1-0

[Event "Team 45 45 League T52"]
[Site "Internet Chess Club"]
[Date "2012.03.21"]
[Round "6"]
[White "Goldenberg"]
[Black "drsigmund1"]
[Result "0-1"]
[WhiteElo "1328"]
[BlackElo "1505"]
[Opening "French: exchange variation"]
[ECO "C01"]
[Time "21:30:27"]
[TimeControl "2700+45"]

1. e4 e6 2. d4 d5 3. exd5 exd5 4. c4 Nf6 5. Nf3 Be7 6. Be2 O-O 7. O-O Be6 8.
cxd5 Nxd5 9. Nc3 Nd7 10. Nxd5 Bxd5 11. b3 Nb6 12. Bb2 Bf6 13. Re1 Be6 14. h3 Nd5
15. Qd2 Be7 16. Rf1 Bd6 17. Bc4 c6 18. Ng5 Bd7 19. Bxd5 cxd5 20. Nf3 Qf6 21. Qg5
Qxg5 22. Nxg5 f6 23. Nf3 Rac8 24. Rac1 Bf4 25. Rc3 Rxc3 26. Bxc3 Rc8 27. Bb4 Rc2
28. Ra1 b6 29. g3 Rc1+ 30. Rxc1 Bxc1 31. Kg2 Bf5 32. Bd2 Bb2 33. g4 Bb1 34. a4
Bc2 35. b4 Bxa4 36. Kf1 Bb5+ 37. Kg2 Bd3 38. Ne1 Bg6 39. Kf3 Bxd4 40. Ke2 Be5
41. f4 Bc7 42. f5 Be8 43. Kd3 a5 44. bxa5 bxa5 45. Kd4 Bf7 46. Nc2 a4 47. Bb4 g6
48. Ne3 Bb6+ 49. Kd3 d4 50. Nc2 gxf5 51. gxf5 Bd5 52. Nxd4 Bg2 53. h4 Bc7 54.
Ke2 h5 55. Ne6 Be5 56. Ba3 Bh3 57. Kf3 Bxf5 58. Nf4 Bg4+ 59. Ke3 f5 60. Bc1 Kf7
61. Ba3 Bc3 62. Kf2 Bd2 63. Kg3 Be1+ 64. Kg2 Bxh4 65. Nd3 Be7 66. Ne5+ Ke6 67.
Bxe7 Kxe7 68. Nc4 Kf6 69. Kg3 Ke6 70. Kf4 Kd5 71. Nb6+ Kd4 72. Nxa4 h4 73. Nb6
h3 74. Kg3 Ke4 75. Nc4 f4+ 76. Kh2 Be6 77. Nd2+ Ke3 78. Nf1+ Kf2 79. Nd2 Ke2 80.
Ne4 f3 81. Ng3+ Ke1 82. Ne4 Bf5 83. Ng3 f2 84. Kh1 Be6 85. Kh2 f1=Q 86. Nxf1
Kxf1 87. Kh1 Kf2 88. Kh2 Kf3 89. Kh1 Kg4 90. Kh2 Bf5 91. Kh1 Kg3 92. Kg1 Be4 93.
Kf1 h2 94. Ke2 h1=Q 95. Ke3 Qf3+ 96. Kd4 Qd3+ 97. Ke5 Bc6 98. Ke6 Qd5+ 99. Kf6
Kf4 100. Kg7 Kg5 101. Kh7 Kf6 102. Kh8 Kf7 103. Kh7 {White resigns} 0-1

[Event "Team 45 45 League T52"]
[Site "Internet Chess Club"]
[Date "2012.03.23"]
[Round "6"]
[White "dblackw2"]
[Black "moodle"]
[Result "0-1"]
[WhiteElo "1081"]
[BlackElo "1261"]
[Opening "QGA: 3.e4"]
[ECO "D20"]
[Time "19:00:41"]
[TimeControl "2700+45"]

1. d4 d5 2. c4 dxc4 3. e4 Nc6 4. Nf3 Bg4 5. Qa4 Bd7 6. Qxc4 e6 7. Nc3 Bb4 8. a3
Bxc3+ 9. Qxc3 Nf6 10. d5 exd5 11. exd5 Qe7+ 12. Be2 Nxd5 13. Qxg7 O-O-O 14. Bg5
Qe6 15. Bxd8 Rxd8 16. Qxh7 Nf4 17. Qc2 Nxg2+ 18. Kf1 Nh4 19. h3 Nxf3 20. Bxf3
Nd4 21. Qc3 Nxf3 22. Qxf3 Bc6 23. Qc3 Bb5+ 24. Kg1 Rg8+ 25. Kh2 Qd6+ 26. Qg3
Rxg3 27. fxg3 Qd2+ 28. Kg1 Bc6 29. Rh2 Qe3+ 30. Rf2 Qxg3+ 31. Kf1 Qxh3+ 32. Ke1
f5 33. Rc1 Qe3+ 34. Re2 Qxc1+ 35. Kf2 {White resigns} 0-1